TOP OF THE 1ST |
Chicago Hawks batting - Pitching for Philadephia 1776 BC : LHP Ricardo Hernández
|
Pitching: LHP Ricardo Hernández
|
|
Batting: RHB Joe Guy
|
0-0: Ball 1-0: Ball 2-0: Ball 3-0: Called Strike 3-1: Base on Balls
|
Batting: SHB Esteban Márquez
|
0-0: Swinging Strike 0-1: Ball 1-1: Ball 2-1: Swinging Strike 2-2: Foul Ball, location: 2F 2-2: Foul Ball, location: 2F 2-2: Strikes out swinging
|
Batting: LHB Mal Wadley
|
0-0: Ball Joe Guy steals 2nd base 1-0: Foul Ball, location: 2F 1-1: Ball 2-1: Foul Ball, location: 2F 2-2: Foul Ball, location: 2F 2-2: Ball 3-2: SINGLE (Groundball, 4MD) Joe Guy to third Runner from 3rd tries for Home, SAFE, no throw or cutoff
|
Batting: RHB Bryan Manning
|
0-0: Called Strike Mal Wadley steals 2nd base 0-1: Called Strike 0-2: Ball 1-2: Ball 2-2: Ground out 6-3 (Groundball, 6)
|
Batting: RHB Jack Tucker
|
0-0: Ball 1-0: Ball 2-0: Ground out 6-3 (Groundball, 6)
|
Top of the 1st over - 1 run(s), 1 hit(s), 0 error(s), 1 left on base; Chicago 1 - Philadephia 1776 0 |
BOTTOM OF THE 1ST |
Philadephia 1776 BC batting - Pitching for Chicago Hawks : LHP Víctor Padilla
|
Pitching: LHP Víctor Padilla
|
|
Batting: LHB Manuel García
|
0-0: Called Strike 0-1: SINGLE (Line Drive, 6D)
|
Batting: RHB Iván Pérez
|
Pickoff Throw to First - Out! 0-0: Ball 1-0: Foul Ball, location: 2F 1-1: Ball 2-1: Foul Ball, location: 2F 2-2: Ground out 6-3 (Groundball, 6M)
|
Batting: RHB Brian O'Brian
|
0-0: Ball 1-0: Ball 2-0: Ball 3-0: Base on Balls
|
Batting: LHB Chris Nelson
|
0-0: Called Strike 0-1: Ball 1-1: Reached on error, E3 (Groundball, 34) Brian O'Brian to third
|
Batting: RHB Lúcio Montoya
|
0-0: Foul Ball, location: 2F 0-1: SINGLE (Line Drive, 7S) Brian O'Brian scores Chris Nelson to third Runner from 3rd tries for Home, SAFE, no throw or cutoff
|
Batting: RHB Carl Good
|
0-0: Called Strike 0-1: Ball 1-1: Ball 2-1: Ball 3-1: Ground out 5-3 (Groundball, 5S)
|
Bottom of the 1st over - 2 run(s), 2 hit(s), 1 error(s), 1 left on base; Chicago 1 - Philadephia 1776 2 |
TOP OF THE 2ND |
Chicago Hawks batting - Pitching for Philadephia 1776 BC : LHP Ricardo Hernández
|
Batting: RHB Ed Whitaker
|
0-0: Called Strike 0-1: Ground out 5-3 (Groundball, 5L)
|
Batting: RHB Raúl Hernández
|
0-0: Ball 1-0: Called Strike 1-1: Called Strike 1-2: Foul Ball, location: 2F 1-2: Ball 2-2: Foul Ball, location: 2F 2-2: Strikes out swinging
|
Batting: RHB Ted Young
|
0-0: Called Strike 0-1: Ball 1-1: Ground out U3 (Groundball, 3S)
|
Top of the 2nd over - 0 run(s), 0 hit(s), 0 error(s), 0 left on base; Chicago 1 - Philadephia 1776 2 |
BOTTOM OF THE 2ND |
Philadephia 1776 BC batting - Pitching for Chicago Hawks : LHP Víctor Padilla
|
Batting: RHB Soseki Matsunaga
|
0-0: Ball 1-0: Ball 2-0: Called Strike 2-1: Foul Ball, location: 2F 2-2: Strikes out swinging
|
Batting: LHB Sébastien Rolland
|
0-0: Ball 1-0: Ground out 1-3 (Groundball, 15)
|
Batting: LHB Ricardo Hernández
|
0-0: Called Strike 0-1: Foul Ball, location: 2F 0-2: DOUBLE (Flyball, 7LM)
|
Batting: LHB Manuel García
|
0-0: Called Strike 0-1: Ball 1-1: Fly out, F6 (Line Drive, 6M)
|
Bottom of the 2nd over - 0 run(s), 1 hit(s), 0 error(s), 1 left on base; Chicago 1 - Philadephia 1776 2 |
TOP OF THE 3RD |
Chicago Hawks batting - Pitching for Philadephia 1776 BC : LHP Ricardo Hernández
|
Batting: RHB Víctor Padilla
|
0-0: Called Strike 0-1: Swinging Strike 0-2: Ball 1-2: Foul Ball, location: 2F 1-2: Ball 2-2: Strikes out looking
|
Batting: RHB Joe Guy
|
0-0: Ball 1-0: Ball 2-0: Called Strike 2-1: Foul Ball, location: 2F 2-2: Ground out 6-3 (Groundball, 6M)
|
Batting: SHB Esteban Márquez
|
0-0: Ball 1-0: Fly out, F4 (Line Drive, 4)
|
Top of the 3rd over - 0 run(s), 0 hit(s), 0 error(s), 0 left on base; Chicago 1 - Philadephia 1776 2 |
BOTTOM OF THE 3RD |
Philadephia 1776 BC batting - Pitching for Chicago Hawks : LHP Víctor Padilla
|
Batting: RHB Iván Pérez
|
0-0: Called Strike 0-1: Ball 1-1: SINGLE (Line Drive, 56)
|
Batting: RHB Brian O'Brian
|
0-0: Foul Ball, location: 2F 0-1: Ball 1-1: Ball 2-1: SINGLE (Groundball, 4D) Iván Pérez to second Runner from 2nd tries for 3rd, SAFE, throw made to third
|
Batting: LHB Chris Nelson
|
0-0: Foul Ball, location: 2F 0-1: Called Strike 0-2: Strikes out swinging
|
Batting: RHB Lúcio Montoya
|
0-0: Swinging Strike 0-1: Swinging Strike 0-2: Fielders Choice at 2nd, 5-4 (Groundball, 56) Iván Pérez scores
|
Batting: RHB Carl Good
|
0-0: Ball 1-0: Called Strike 1-1: Foul Ball, location: 2F 1-2: Foul Ball, location: 2F 1-2: Fly out, F6 (Popup, 6MD)
|
Bottom of the 3rd over - 1 run(s), 2 hit(s), 0 error(s), 1 left on base; Chicago 1 - Philadephia 1776 3 |
TOP OF THE 4TH |
Chicago Hawks batting - Pitching for Philadephia 1776 BC : LHP Ricardo Hernández
|
Batting: LHB Mal Wadley
|
0-0: Ball 1-0: Called Strike 1-1: Ball 2-1: Foul Ball, location: 2F 2-2: Strikes out looking
|
Batting: RHB Bryan Manning
|
0-0: SINGLE (Groundball, 6M)
|
Batting: RHB Jack Tucker
|
0-0: Called Strike 0-1: Ball 1-1: Swinging Strike 1-2: Foul Ball, location: 2F 1-2: Fly out, F9 (Flyball, 9S)
|
Batting: RHB Ed Whitaker
|
0-0: Foul Ball, location: 2F 0-1: Ball 1-1: SINGLE (Groundball, 56D) Bryan Manning to second
|
Batting: RHB Raúl Hernández
|
0-0: Ball 1-0: Called Strike 1-1: Ball 2-1: Called Strike 2-2: Strikes out swinging
|
Top of the 4th over - 0 run(s), 2 hit(s), 0 error(s), 2 left on base; Chicago 1 - Philadephia 1776 3 |
BOTTOM OF THE 4TH |
Philadephia 1776 BC batting - Pitching for Chicago Hawks : LHP Víctor Padilla
|
Batting: RHB Soseki Matsunaga
|
0-0: Called Strike 0-1: Ground out 5-3 (Groundball, 5)
|
Batting: LHB Sébastien Rolland
|
0-0: Ball 1-0: Ground out U3 (Groundball, 3)
|
Batting: LHB Ricardo Hernández
|
0-0: Ball 1-0: Ball 2-0: Called Strike 2-1: Foul Ball, location: 2F 2-2: Strikes out swinging
|
Bottom of the 4th over - 0 run(s), 0 hit(s), 0 error(s), 0 left on base; Chicago 1 - Philadephia 1776 3 |
TOP OF THE 5TH |
Chicago Hawks batting - Pitching for Philadephia 1776 BC : LHP Ricardo Hernández
|
Batting: RHB Ted Young
|
0-0: Called Strike 0-1: Ball 1-1: Ball 2-1: Fly out, F8 (Flyball, 8LM)
|
Batting: RHB Víctor Padilla
|
0-0: Called Strike 0-1: Ball 1-1: Swinging Strike 1-2: Ball 2-2: Strikes out swinging
|
Batting: RHB Joe Guy
|
0-0: Called Strike 0-1: Foul Ball, location: 2F 0-2: SINGLE (Groundball, 15S) (infield hit)
|
Batting: SHB Esteban Márquez
|
0-0: Ball 1-0: Swinging Strike 1-1: Swinging Strike 1-2: Ball 2-2: Foul Ball, location: 2F 2-2: Strikes out swinging
|
Top of the 5th over - 0 run(s), 1 hit(s), 0 error(s), 1 left on base; Chicago 1 - Philadephia 1776 3 |
BOTTOM OF THE 5TH |
Philadephia 1776 BC batting - Pitching for Chicago Hawks : LHP Víctor Padilla
|
Batting: LHB Manuel García
|
0-0: Ball 1-0: SINGLE (Flyball, 78S)
|
Batting: RHB Iván Pérez
|
0-0: Ball 1-0: Ball Manuel García is caught stealing 2nd base 2-0: DOUBLE (Groundball, 5L)
|
Batting: RHB Brian O'Brian
|
0-0: Ground out 1-3 (Groundball, 13S) Iván Pérez to third
|
Batting: LHB Chris Nelson
|
0-0: Called Strike 0-1: Ball 1-1: Ball 2-1: Called Strike 2-2: Ground out 6-3 (Groundball, 6M)
|
Bottom of the 5th over - 0 run(s), 2 hit(s), 0 error(s), 1 left on base; Chicago 1 - Philadephia 1776 3 |
TOP OF THE 6TH |
Chicago Hawks batting - Pitching for Philadephia 1776 BC : LHP Ricardo Hernández
|
Batting: LHB Mal Wadley
|
0-0: Ball 1-0: Foul Ball, location: 2F 1-1: Ball 2-1: Foul Ball, location: 2F 2-2: Ball 3-2: Base on Balls
|
Pitching: RHP Ray Gordon
|
|
Batting: RHB Bryan Manning
|
0-0: Called Strike Mal Wadley steals 2nd base 0-1: Ball 1-1: DOUBLE (Groundball, 5L) Mal Wadley scores
|
Batting: RHB Jack Tucker
|
0-0: Ball 1-0: Foul Ball, location: 2F 1-1: Ball 2-1: Swinging Strike 2-2: Foul Ball, location: 2F 2-2: Ball 3-2: Ground out 6-3 (Groundball, 6)
|
Batting: RHB Ed Whitaker
|
0-0: Called Strike 0-1: Ball 1-1: SINGLE (Groundball, 6MD) Bryan Manning to third
|
Batting: RHB Raúl Hernández
|
0-0: Ball 1-0: Ball 2-0: Called Strike 2-1: Ground out 3-1 (Groundball, 34) Bryan Manning scores Ed Whitaker to second
|
Batting: RHB Ted Young
|
0-0: Intentional Walk
|
Batting: RHB Víctor Padilla
|
0-0: Ball 1-0: Called Strike 1-1: Called Strike 1-2: Ball 2-2: Strikes out looking
|
Top of the 6th over - 2 run(s), 2 hit(s), 0 error(s), 2 left on base; Chicago 3 - Philadephia 1776 3 |
BOTTOM OF THE 6TH |
Philadephia 1776 BC batting - Pitching for Chicago Hawks : LHP Víctor Padilla
|
Batting: RHB Lúcio Montoya
|
0-0: Fly out, F4 (Line Drive, 4)
|
Batting: RHB Carl Good
|
0-0: Called Strike 0-1: Ball 1-1: SINGLE (Groundball, 5D)
|
Batting: RHB Soseki Matsunaga
|
0-0: Ground out 6-3 (Groundball, 6) Carl Good to second
|
Batting: LHB Sébastien Rolland
|
0-0: Ball 1-0: Reached on error, E4 (Groundball, 4) Carl Good to third
|
Pinch Hitting: LHB John Boone
|
0-0: Ball 1-0: Ball Sébastien Rolland is caught stealing 2nd base
|
Bottom of the 6th over - 0 run(s), 1 hit(s), 1 error(s), 0 left on base; Chicago 3 - Philadephia 1776 3 |
TOP OF THE 7TH |
Chicago Hawks batting - Pitching for Philadephia 1776 BC : RHP Ray Gordon
|
Pitching: RHP Ki-heung Chong
|
|
Now in RF: Matt Mitchell
|
|
Pinch Hitting: LHB Paul Wilson
|
0-0: Called Strike 0-1: Foul Ball, location: 2F 0-2: Ball 1-2: Foul Ball, location: 2F 1-2: Strikes out swinging
|
Batting: SHB Esteban Márquez
|
0-0: Fly out, F7 (Flyball, 78D)
|
Batting: LHB Mal Wadley
|
0-0: Called Strike 0-1: Ball 1-1: Foul Ball, location: 2F 1-2: Foul Ball, location: 2F 1-2: Ball 2-2: Strikes out looking
|
Top of the 7th over - 0 run(s), 0 hit(s), 0 error(s), 0 left on base; Chicago 3 - Philadephia 1776 3 |
BOTTOM OF THE 7TH |
Philadephia 1776 BC batting - Pitching for Chicago Hawks : LHP Víctor Padilla
|
Now in CF: Paul Wilson
|
|
Batting: LHB Matt Mitchell
|
0-0: Ball 1-0: Ball 2-0: Ground out 4-3 (Groundball, 4)
|
Batting: LHB Manuel García
|
0-0: Called Strike 0-1: Ball 1-1: Ball 2-1: Called Strike 2-2: Ground out U3 (Groundball, 3S)
|
Batting: RHB Iván Pérez
|
0-0: Ball 1-0: Called Strike 1-1: Ball 2-1: Fly out, F8 (Flyball, 8RD)
|
Bottom of the 7th over - 0 run(s), 0 hit(s), 0 error(s), 0 left on base; Chicago 3 - Philadephia 1776 3 |
TOP OF THE 8TH |
Chicago Hawks batting - Pitching for Philadephia 1776 BC : RHP Ki-heung Chong
|
Batting: RHB Bryan Manning
|
0-0: Foul Ball, location: 2F 0-1: Ball 1-1: Ball 2-1: Ground out 6-3 (Groundball, 5)
|
Batting: RHB Jack Tucker
|
0-0: Ball 1-0: Ball 2-0: Fly out, F7 (Line Drive, 7LD)
|
Pinch Hitting: LHB Bobby Moore
|
0-0: Called Strike 0-1: Ball 1-1: SINGLE (Line Drive, 6MD)
|
Pinch Hitting: SHB Daryl Moore
|
0-0: Called Strike 0-1: Ball 1-1: Ball 2-1: Ball 3-1: Base on Balls Bobby Moore to second
|
Pinch Hitting: LHB Jorge Montoya
|
0-0: Ball 1-0: SINGLE (Groundball, 3D) Bobby Moore to third Daryl Moore to second Runner from 3rd tries for Home, SAFE, no throw or cutoff
|
Pinch Hitting: RHB José Bravo
|
0-0: Ball 1-0: Foul Ball, location: 2F 1-1: Foul Ball, location: 2F 1-2: SINGLE (Line Drive, 3) Daryl Moore to third Jorge Montoya to second Runner from 3rd tries for Home, SAFE, throw made home Jorge Montoya to third José Bravo to second
|
Batting: LHB Paul Wilson
|
0-0: Foul Ball, location: 2F 0-1: Foul Ball, location: 2F 0-2: Fly out, F4 (Popup, 4S)
|
Top of the 8th over - 2 run(s), 3 hit(s), 0 error(s), 2 left on base; Chicago 5 - Philadephia 1776 3 |
BOTTOM OF THE 8TH |
Philadephia 1776 BC batting - Pitching for Chicago Hawks : LHP Víctor Padilla
|
Pitching: RHP Alberto Salinas
|
|
Now at 1B: Bobby Moore
|
|
Now at 2B: Jorge Montoya
|
|
Batting: RHB Brian O'Brian
|
0-0: Called Strike 0-1: Ball 1-1: Ground out 6-3 (Groundball, 6)
|
Batting: LHB Chris Nelson
|
0-0: Ball 1-0: Ball 2-0: Called Strike 2-1: Ball 3-1: Foul Ball, location: 2F 3-2: Foul Ball, location: 2F 3-2: Foul Ball, location: 2F 3-2: Strikes out swinging
|
Batting: RHB Lúcio Montoya
|
0-0: SINGLE (Line Drive, 4MD)
|
Pitching: RHP José Lozano
|
|
Pinch Hitting: LHB Rubén Alte
|
0-0: Ball 1-0: Ground out 3-1 (Groundball, 34S)
|
Bottom of the 8th over - 0 run(s), 1 hit(s), 0 error(s), 1 left on base; Chicago 5 - Philadephia 1776 3 |
TOP OF THE 9TH |
Chicago Hawks batting - Pitching for Philadephia 1776 BC : RHP Ki-heung Chong
|
Pitching: LHP Brian O'Cullinan
|
|
Batting: SHB Esteban Márquez
|
0-0: Foul Ball, location: 2F 0-1: Fly out, F7 (Flyball, 78M)
|
Batting: LHB Mal Wadley
|
0-0: Called Strike 0-1: Ball 1-1: Ball 2-1: Ball 3-1: Foul Ball, location: 2F 3-2: Foul Ball, location: 2F 3-2: Foul Ball, location: 2F 3-2: Fly out, F9 (Flyball, 89D)
|
Batting: RHB Bryan Manning
|
0-0: Called Strike 0-1: Ball 1-1: Ground out 6-3 (Groundball, 6M)
|
Top of the 9th over - 0 run(s), 0 hit(s), 0 error(s), 0 left on base; Chicago 5 - Philadephia 1776 3 |
BOTTOM OF THE 9TH |
Philadephia 1776 BC batting - Pitching for Chicago Hawks : RHP José Lozano
|
Pitching: RHP Jim Dixon
|
|
Batting: RHB Soseki Matsunaga
|
0-0: Foul Ball, location: 2F 0-1: Ground out 5-3 (Groundball, 56S)
|
Batting: LHB Sébastien Rolland
|
0-0: Ball 1-0: SINGLE (Line Drive, 4M)
|
Batting: LHB Matt Mitchell
|
0-0: Fielders Choice at 2nd, 3-6 (Groundball, 3)
|
Batting: LHB Manuel García
|
0-0: Ground out 4-3 (Groundball, 4)
|
Bottom of the 9th over - 0 run(s), 1 hit(s), 0 error(s), 1 left on base; Chicago 5 - Philadephia 1776 3 |
|